 Dungeon Crawl Stone Soup version 0.29.0-4-gdea44cf6ec (webtiles) character file.

Game seed: 13612506313798410980

963 qw the Cleaver (level 7, -2/61 HPs)
             Began as a Minotaur Berserker on Sept 4, 2022.
             Was a Believer of Trog.
             Slain by a gnoll
             ... wielding a +0 halberd
             ... led by a gnoll sergeant
              (9 damage)
             ... on level 5 of the Dungeon.
             The game lasted 00:01:23 (4808 turns).

qw the Cleaver (Minotaur Berserker)                 Turns: 4808, Time: 00:01:24

Health: -2/61      AC:  8    Str: 23    XL:     7   Next: 92%
Magic:  6/6        EV:  7    Int:  4    God:    Trog [**....]
Gold:   225        SH:  9    Dex: 10    Spells: 6/6 levels left

rFire   . . .      SeeInvis .   Y - +0 hand axe
rCold   . . .      Faith    .   e - +0 kite shield
rNeg    + . .      Spirit   .   i - +0 chain mail
rPois   .          Reflect  .   (helmet restricted)
rElec   .          Harm     .   (no cloak)
rCorr   .          Rampage  .   (no gloves)
Will    .....                   (no boots)
Stlth   ..........              (no amulet)
HPRegen 0.20/turn               a - ring of positive energy
MPRegen 0.10/turn               (no ring)

@: on berserk cooldown, slowed, very slow
A: horns 2, retaliatory headbutt
a: Renounce Religion, Berserk, Trog's Hand


You were on level 5 of the Dungeon.
You worshipped Trog.
Trog was pleased with you.
You visited 1 branch of the dungeon, and saw 5 of its levels.

You collected 225 gold pieces.


Innate Abilities, Weirdness & Mutations

You have a pair of horns on your head.
You reflexively headbutt those who attack you in melee.


   Skills:
 - Level 5.0 Fighting
 + Level 8.8 Axes
 - Level 1.0 Throwing
 - Level 2.4 Armour
 - Level 2.1 Dodging
 - Level 6.1 Shields


You had 6 spell levels left.
You didn't know any spells.
Your spell library was empty.

Inventory:

Hand Weapons
 h - a +0 flail
 Y - a +0 hand axe (weapon)
Missiles
 j - 3 javelins (quivered)
 p - 4 boomerangs
Armour
 e - a +0 kite shield (worn)
 i - a +0 chain mail (worn)
Jewellery
 a - a ring of positive energy (left hand)
Scrolls
 c - a scroll of enchant armour
 m - a scroll of identify
Potions
 b - a potion of magic {unknown}
 d - a potion of cancellation {unknown}
 f - a potion of ambrosia {unknown}
 g - a potion of curing {unknown}
 k - a potion of flight {unknown}
 l - a potion of mutation {unknown}
 n - a potion of brilliance {unknown}
 o - 2 potions of attraction {unknown}

Dungeon Overview and Level Annotations

Branches:
Dungeon (5/15)
 Temple: D:4-7

Altars:
Fedhas
Qazlal
Trog
Uskayaw
Vehumet


Message History

Dowan is severely wounded.
Dowan hits you with a +0 dagger.
The gnoll hits you from afar with a +0 halberd!
You block Dowan's attack. You block the gnoll sergeant's attack.
You barely miss Dowan.
Dowan is severely wounded.
Dowan hits you with a +0 dagger.
You hit Dowan. Your headbutt misses Dowan.
Dowan is almost dead.
The gnoll barely misses you.
The gnoll sergeant hits you from afar with a +0 trident.
You block Dowan's attack.
You slash Dowan!
You kill Dowan!
Trog accepts your kill.
Trog appreciates your killing of a magic user.
You block the gnoll's attack.
The gnoll sergeant hits you from afar with a +0 trident!
Things that are here:
a +0 rapier; a +0 scale mail You slash the gnoll sergeant!
The gnoll sergeant is heavily wounded.
You barely miss the gnoll. You block the gnoll's attack.
The gnoll sergeant barely misses you.
You hit the gnoll sergeant. You headbutt the gnoll sergeant.
The gnoll sergeant is severely wounded.
You hit the gnoll. The gnoll completely misses you.
The gnoll sergeant hits you but does no damage.
You hit the gnoll sergeant. You headbutt the gnoll sergeant.
You kill the gnoll sergeant!
Trog accepts your kill.
You barely miss the gnoll.
You are no longer berserk.
You are exhausted.
You feel yourself slow down.
You barely miss the gnoll.
The gnoll is moderately wounded.
You block the gnoll's attack. The gnoll hits you with a +0 halberd!
You die...

########......####
#......#.####.##
#......#.###...#
#......#.##.<..#
#........##....#
#........##.#.##
##.####.......%.....#
#.......)..##.###.###
.#.#..)@.####.# #.#
#.....)g.....# #.#
###.....###### #.#
### ........ #.. ..
###....... #.# #.
#.#.##..# ..#####.
#.#. ... #.... #.##
...# #.##. #.##.##.


You could see a gnoll.

Vanquished Creatures
  Eustachio (D:4)
  Menkaure (D:4)
  Duvessa (D:5)
  A gnoll sergeant (D:5)
  A scorpion (D:5)
  A necrophage (D:3)
  Dowan (D:5)
  A hound (D:4)
  Jessica (D:3)
  Natasha (D:3)
  2 iguanas (D:4)
  10 gnolls
  5 adders
  An ufetubus (D:4)
  2 dart slugs (D:4)
  5 orcs
  12 ball pythons
  4 endoplasms
  5 giant cockroaches
  5 hobgoblins
  6 jackals
  5 kobolds
  2 quokkas (D:4)
  4 bats
  3 frilled lizards
  6 goblins
  6 rats
93 creatures vanquished.

Vanquished Creatures (others)
  A plant (D:1)
1 creature vanquished.

Grand Total: 94 creatures vanquished

Notes
Turn   | Place    | Note
-------+----------+-------------------------------------------
     0 | D:1      | qw the Minotaur Berserker began the quest for the Orb.
     0 | D:1      | Reached XP level 1. HP: 19/19 MP: 0/0
     0 | D:1      | 0 ||| qw: Version: 0.1-a-103-gd6f5d3a
     0 | D:1      | 0 ||| qw: Game counter: 5673
     0 | D:1      | 0 ||| qw: Always use a shield: true
     0 | D:1      | 0 ||| qw: Do Orc after D:15 true
     0 | D:1      | 0 ||| qw: Do second Lair branch before Depths: true
     0 | D:1      | 0 ||| qw: Lair rune preference: random
     0 | D:1      | 0 ||| qw: Plans: Normal
     0 | D:1      | 0 ||| PLANNING D:1-11
    38 | D:1      | 38 ||| Stepping ~*~*~tactically~*~*~ (stealth).
    51 | D:1      | 51 ||| Stepping ~*~*~tactically~*~*~ (stealth).
    53 | D:1      | 53 ||| Stepping ~*~*~tactically~*~*~ (stealth).
    60 | D:1      | Reached skill level 4 in Axes
   102 | D:1      | Reached XP level 2. HP: 15/26 MP: 1/1
   109 | D:1      | 109 ||| INVOKING Berserk.
   285 | D:1      | 285 ||| DROPPING +0 club.
   383 | D:1      | 383 ||| Stepping ~*~*~tactically~*~*~ (stealth).
   398 | D:1      | 398 ||| Stepping ~*~*~tactically~*~*~ (stealth).
   399 | D:1      | 399 ||| Stepping ~*~*~tactically~*~*~ (stealth).
   526 | D:1      | 526 ||| Stepping ~*~*~tactically~*~*~ (stealth).
   527 | D:1      | 527 ||| Stepping ~*~*~tactically~*~*~ (stealth).
   530 | D:1      | 530 ||| Stepping ~*~*~tactically~*~*~ (stealth).
   533 | D:1      | 533 ||| Stepping ~*~*~tactically~*~*~ (stealth).
   541 | D:1      | 541 ||| Stepping ~*~*~tactically~*~*~ (stealth).
   542 | D:1      | 542 ||| Stepping ~*~*~tactically~*~*~ (stealth).
   543 | D:1      | 543 ||| Stepping ~*~*~tactically~*~*~ (stealth).
   544 | D:1      | 544 ||| Stepping ~*~*~tactically~*~*~ (stealth).
   546 | D:1      | 546 ||| Stepping ~*~*~tactically~*~*~ (stealth).
   550 | D:1      | 550 ||| Stepping ~*~*~tactically~*~*~ (stealth).
   564 | D:1      | 564 ||| Stepping ~*~*~tactically~*~*~ (stealth).
   565 | D:1      | 565 ||| Stepping ~*~*~tactically~*~*~ (stealth).
   568 | D:1      | 568 ||| Stepping ~*~*~tactically~*~*~ (stealth).
   573 | D:1      | Reached skill level 5 in Axes
   724 | D:1      | 724 ||| INVOKING Berserk.
   727 | D:1      | Reached XP level 3. HP: 31/31 MP: 2/2
   834 | D:1      | 834 ||| DROPPING +0 whip.
   873 | D:1      | 873 ||| Stepping ~*~*~tactically~*~*~ (stealth).
  1029 | D:1      | 1029 ||| UPGRADING to +0 ring mail.
  1039 | D:1      | 1039 ||| DROPPING +0 animal skin.
  1040 | D:1      | 1040 ||| UPGRADING to +0 kite shield.
  1267 | D:2      | Reached skill level 1 in Shields
  1268 | D:2      | 1268 ||| INVOKING Berserk.
  1435 | D:2      | 1435 ||| FLEEEEING.
  1436 | D:2      | 1436 ||| FLEEEEING.
  1533 | D:2      | Reached XP level 4. HP: 30/39 MP: 3/3
  1665 | D:2      | Reached ** piety under Trog
  1802 | D:2      | Found a faded altar of an unknown god.
  1903 | D:2      | 1903 ||| READING scroll labelled YDILYA DIUSK.
  1904 | D:2      | 1904 ||| READING 2 scrolls labelled FIZXUNTUILO.
  1905 | D:2      | 1905 ||| READING scroll labelled HASYNIM SUOREGH.
  1906 | D:2      | 1906 ||| READING scroll labelled LAWUIKI LEERU.
  1907 | D:2      | 1907 ||| DRINKING 2 fuming ruby potions.
  1908 | D:2      | 1908 ||| DROPPING potion of invisibility.
  1909 | D:2      | 1909 ||| DROPPING scroll of fear.
  1966 | D:3      | Found a stormy altar of Qazlal.
  1970 | D:3      | Noticed Jessica
  1979 | D:3      | Killed Jessica
  1980 | D:3      | Reached skill level 3 in Shields
  2093 | D:3      | Found a bloodstained altar of Trog.
  2262 | D:3      | 2262 ||| Stepping ~*~*~tactically~*~*~ (stealth).
  2424 | D:3      | Reached skill level 1 in Throwing
  2557 | D:3      | Noticed Natasha
  2561 | D:3      | 2561 ||| INVOKING Berserk.
  2563 | D:3      | Killed Natasha
  2564 | D:3      | Reached XP level 5. HP: 45/45 MP: 4/4
  2878 | D:3      | Reached skill level 6 in Axes
  3130 | D:3      | 3130 ||| UPGRADING to +0 chain mail.
  3140 | D:3      | 3140 ||| DROPPING +0 ring mail.
  3141 | D:3      | 3141 ||| READING scroll labelled GEMAEBEATZ.
  3142 | D:3      | 3142 ||| READING 3 scrolls labelled KEUCEY SAQENNI.
  3143 | D:3      | 3143 ||| READING 2 scrolls labelled BUWNAGROKU.
  3147 | D:3      | 3147 ||| READING scroll labelled TUDUTW ZEUR.
  3148 | D:3      | 3148 ||| DROPPING 2 scrolls of blinking.
  3149 | D:3      | 3149 ||| READING scroll of teleportation.
  3213 | D:4      | Found a blossoming altar of Fedhas.
  3313 | D:4      | Noticed Eustachio
  3315 | D:4      | 3315 ||| Stepping ~*~*~tactically~*~*~ (stealth).
  3316 | D:4      | 3316 ||| Stepping ~*~*~tactically~*~*~ (stealth).
  3317 | D:4      | 3317 ||| INVOKING Berserk.
  3332 | D:4      | Killed Eustachio
  3333 | D:4      | Reached skill level 6 in Shields
  3333 | D:4      | Reached XP level 6. HP: 51/51 MP: 5/5
  3391 | D:4      | 3391 ||| Stepping ~*~*~tactically~*~*~ (hiding).
  3392 | D:4      | 3392 ||| INVOKING Berserk.
  3549 | D:4      | 3549 ||| Stepping ~*~*~tactically~*~*~ (stealth).
  3564 | D:4      | Noticed a +0 dagger
  3565 | D:4      | Found a hide-covered altar of Uskayaw.
  3565 | D:4      | Noticed a +0 dagger
  3769 | D:4      | 3769 ||| Stepping ~*~*~tactically~*~*~ (stealth).
  3771 | D:4      | 3771 ||| Stepping ~*~*~tactically~*~*~ (stealth).
  3773 | D:4      | 3773 ||| Stepping ~*~*~tactically~*~*~ (stealth).
  3775 | D:4      | 3775 ||| Stepping ~*~*~tactically~*~*~ (hiding).
  3778 | D:4      | 3778 ||| INVOKING Berserk.
  3781 | D:4      | Reached skill level 7 in Axes
  3785 | D:4      | Reached XP level 7. HP: 58/58 MP: 6/6
  3924 | D:4      | Noticed Menkaure
  3927 | D:4      | 3927 ||| INVOKING Berserk.
  3928 | D:4      | Killed Menkaure
  4625 | D:4      | 4625 ||| UPGRADING to ring of positive energy.
  4626 | D:4      | 4626 ||| READING scroll labelled ORIC NOUMA YNG.
  4638 | D:5      | Entered Level 5 of the Dungeon
  4727 | D:5      | Found a radiant altar of Vehumet.
  4785 | D:5      | Noticed Duvessa
  4789 | D:5      | Noticed Dowan
  4790 | D:5      | 4790 ||| INVOKING Berserk.
  4798 | D:5      | Killed Duvessa
  4799 | D:5      | Reached skill level 8 in Axes
  4800 | D:5      | HP: 20/91 [gnoll/+0 halberd[a gnoll sergeant] (7)]
  4803 | D:5      | Killed Dowan
  4803 | D:5      | HP: 9/91 [gnoll sergeant/+0 trident (7)]
  4808 | D:5      | Slain by a gnoll

Levels and vault maps discovered:
D:1:      matt_arrival_refuge, layout_rooms, minmay_shallow_snake_nest
D:2:      layout_loops_ring, hellmonk_ecumenical_altar_heavens_door
D:3:      layout_loops_corners, nicolae_qazlal_scattered_showers, trog_book,
          chequers_decorated_corner, minmay_box_of_dots, uniq_natasha,
          uniq_jessica
D:4:      layout_layer_cave, mainiacjoe_overflow_alcove_1,
          dancing_weapons_uskayaw, uniq_eustachio, uniq_menkaure
D:5:      layout_loops_cross, lemuel_doored_altar, uniq_duvessa

Skill      XL: |  1  2  3  4  5  6  7 |
---------------+----------------------+-----
Axes           | 4 5 6 7 8 |  8.8
Shields        | 2 4 6 |  6.1
Throwing       | 1 |  1.0
Fighting       | 5 |  5.0
Armour         | |  2.4
Dodging        | |  2.1

Action                   |  1- 3 |  4- 6 |  7- 9 || total
-------------------------+-------+-------+-------++-------
Melee: Hand axe          |    86 |    96 |    35 ||   217
       Headbutt          |     5 |    14 |     9 ||    28
Throw: Javelin           |       |    26 |     7 ||    33
Invok: Berserk           |     3 |     4 |     2 ||     9
  Use: Scroll            |       |     9 |     1 ||    10
       Potion            |       |     1 |       ||     1
Armor: Animal skin       |     8 |       |       ||     8
       Ring mail         |     8 |    13 |       ||    21
       Chain mail        |       |    14 |     9 ||    23
Dodge: Dodged            |    43 |    27 |    13 ||    83
Block: Kite shield       |    14 |    40 |    28 ||    82

Table legend:
 A = Non-vault XP
 B = Vault XP
 C = Vault XP percentage of total XP
 D = Non-vault monster count
 E = Vault monster count
 F = Vault count percentage of total count
                 A         B        C        D         E       F
            +---------+---------+-------+---------+---------+-------
      Total |     697 |     679 |  49.3 |      80 |      13 |  14.0
            +---------+---------+-------+---------+---------+-------
        D:1 |      50 |       5 |   9.1 |      23 |       4 |  14.8
        D:2 |      55 |       0 |   0.0 |      12 |       0 |   0.0
        D:3 |     128 |      81 |  38.8 |      20 |       5 |  20.0
        D:4 |     254 |     373 |  59.5 |      21 |       2 |   8.7
        D:5 |     210 |     220 |  51.2 |       4 |       2 |  33.3
            +---------+---------+-------+---------+---------+-------
